 Dungeon Crawl Stone Soup version 0.16-a0-2702-gfff482a (webtiles) character file.

2523 Ololoev the Spear-Bearer (level 9, -3/63 HPs)
             Began as a Mummy Chaos Knight on Nov 25, 2014.
             Was a Plaything of Xom.
             Slain by an unseen horror (8 damage)
             ... on level 7 of the Dungeon.
             The game lasted 00:32:57 (8471 turns).

Ololoev the Spear-Bearer (Mummy Chaos Knight)       Turns: 8471, Time: 00:32:57

Health: -3/63      AC:  6    Str: 17    XL:     9   Next: 29%
Magic:  9/9        EV: 10    Int: 14    God:    Xom
Gold:   294        SH:  0    Dex: 11    Spells: 0 memorised, 8 levels left

rFire  x . .     SeeInvis .     a - +0 spear (chaos)
rCold  + . .     Clarity  .     j - +2 leather armour
rNeg   + + +     SustAb   .     (no shield)
rPois  ∞         Gourm    .     h - +0 helmet
rElec  .         Spirit   .     (no cloak)
rCorr  .         Warding  .     (no gloves)
rMut   .         Stasis   .     (no boots)
MR     +....                    (no amulet)
Stlth  +.........               (no ring)
                                o - +2 ring of strength

@: somewhat resistant to hostile enchantments, very unstealthy
A: no food or potions, fire vulnerability, restore body, cold resistance 1,
negative energy resistance 3, poison resistance, torment resistance, unbreathing
a: Renounce Religion


You were on level 7 of the Dungeon.
You worshipped Xom.
You were a special plaything of Xom.
You were not hungry.

You visited 1 branch of the dungeon, and saw 7 of its levels.

You collected 294 gold pieces.

Notes
Turn   | Place    | Note
--------------------------------------------------------------
     0 | D:1      | Ololoev, the Mummy Chaos Knight, began the quest for the Orb.
     0 | D:1      | Reached XP level 1. HP: 18/18 MP: 1/1
   132 | D:1      | XOM: potion effect (might)
   172 | D:1      | Reached XP level 2. HP: 24/24 MP: 2/2
   385 | D:1      | XOM: vitrification
   430 | D:1      | Reached XP level 3. HP: 29/29 MP: 3/3
   593 | D:1      | XOM: cast spell 'Flight'
   676 | D:2      | Noticed Jessica
   684 | D:2      | Killed Jessica
   909 | D:2      | Reached skill level 4 in Polearms
  1197 | D:2      | XOM is BORED!
  1197 | D:2      | XOM: noise
  1210 | D:2      | XOM: silly message
  1555 | D:2      | Reached XP level 4. HP: 32/35 MP: 4/4
  1717 | D:2      | XOM: god gift: 9 royal jellies
  2073 | D:3      | Found an opulent altar of Gozag.
  2074 | D:3      | Found a sparkling altar of Nemelex Xobeh.
  2150 | D:3      | Reached XP level 5. HP: 25/41 MP: 5/5
  2248 | D:3      | XOM: divination: detect items
  2495 | D:4      | XOM: divination: magic mapping
  2500 | D:4      | Reached skill level 5 in Polearms
  2709 | D:4      | XOM: colour smoke trail
  2764 | D:4      | Found a stormy altar of Qazlal.
  2795 | D:4      | XOM: scenery: 1 doors open, 2 doors close
  2855 | D:4      | XOM: mild Conj miscast
  2884 | D:4      | Reached XP level 6. HP: 33/47 MP: 6/6
  2929 | D:4      | XOM: mild Pois miscast
  2995 | D:4      | XOM: cast spell 'Olgreb's Toxic Radiance'
  3016 | D:4      | XOM: vitrification
  3144 | D:4      | Noticed Blork the orc
  3160 | D:4      | Killed Blork the orc
  3160 | D:4      | Reached skill level 6 in Polearms
  3326 | D:4      | Found Usitzyso's Weapon Shop.
  3729 | D:4      | Reached XP level 7. HP: 38/52 MP: 7/7
  3987 | D:4      | Reached skill level 7 in Polearms
  4003 | D:4      | XOM: cast spell 'Olgreb's Toxic Radiance'
  4047 | D:4      | XOM: scenery: 1 doors open, 1 doors close
  4092 | D:4      | Noticed Natasha
  4183 | D:5      | Entered Level 5 of the Dungeon
  4189 | D:5      | XOM: destruction
  4190 | D:5      | XOM: blink monster(s)
  4224 | D:5      | Found Noerezxo's Book Boutique.
  4259 | D:5      | XOM: confusion
  4283 | D:5      | XOM: confuse monster(s)
  4286 | D:5      | XOM: smoke on damage
  4558 | D:5      | Noticed smajdalf's ghost (experienced DgEE)
  4566 | D:5      | XOM: chaos cloud
  4621 | D:5      | Killed smajdalf's ghost
  4621 | D:5      | Reached skill level 8 in Polearms
  4778 | D:5      | XOM: cast spell 'Ring of Flames'
  4781 | D:5      | Reached XP level 8. HP: 55/58 MP: 8/8
  4909 | D:5      | XOM: 1-stop teleportation journey
  5037 | D:5      | XOM: 1-stop teleportation journey
  5182 | D:5      | XOM: swap monsters
  5186 | D:5      | XOM: polymorph orc priest -> porcupine
  5190 | D:5      | Reached skill level 9 in Polearms
  5216 | D:5      | XOM: noise
  5248 | D:5      | XOM: silly message
  5261 | D:5      | XOM: 7-stop teleportation journey
  5994 | D:5      | XOM: vitrification
  6048 | D:5      | XOM: harmless Fire miscast
  6189 | D:6      | XOM: potion effect (haste)
  6196 | D:6      | Reached skill level 10 in Polearms
  6407 | D:6      | XOM: cast spell 'Warp Weapon'
  6425 | D:5      | Reached XP level 9. HP: 43/63 MP: 9/9
  6584 | D:6      | XOM: colour smoke trail
  6619 | D:6      | XOM: smoke on damage
  6628 | D:6      | XOM: divination: detect creatures
  6635 | D:6      | XOM: harmless Necr miscast
  6641 | D:6      | XOM: summons friendly ufetubus
  6729 | D:5      | XOM: silly message
  6962 | D:5      | XOM: noise
  7252 | D:6      | Got a shimmering whip
  7253 | D:6      | Identified the cursed -1 whip of Entrepreneurial Spirit {freeze, rN+ Str+1 SInv} (You found it on level 6 of the Dungeon)
  7374 | D:6      | XOM: harmless Pois miscast
  7539 | D:6      | XOM: summons friendly shadow imp
  8102 | D:7      | Found a shimmering altar of Xom.
  8149 | D:7      | Noticed smajdalf's ghost (experienced DgEE)
  8161 | D:7      | XOM: enchant monster (good)
  8175 | D:7      | XOM: smoke on damage
  8178 | D:7      | XOM: summons friendly crimson imp
  8276 | D:6      | XOM: medium Divn miscast
  8471 | D:7      | Slain by an unseen horror

Inventory:

Hand weapons
 a - a +0 spear of chaos (weapon)
 b - a +4 hunting sling
Missiles
 k - 16 silver sling bullets
Armour
 h - a +0 helmet (worn)
 j - a +2 leather armour (worn)
Jewellery
 o - a +2 ring of strength (left hand)
Magical devices
 l - a wand of random effects (12)
Scrolls
 c - a scroll of amnesia
 d - 3 scrolls of teleportation
 e - 2 scrolls of magic mapping
 f - 3 scrolls of remove curse
 g - a scroll of blinking
 i - 2 scrolls of fog
 m - a scroll of recharging {unknown}
 n - 2 scrolls of fear {unknown}
 p - 2 scrolls of immolation {unknown}
 r - a scroll of noise {unknown}
 s - 2 scrolls of enchant weapon {unknown}
 t - a scroll of enchant armour {unknown}

Table legend:
 A = Turns spent in this place as a percentage of turns spent in the entire game.
 B = Non-inter-level travel turns spent in this place as a percentage of non-inter-level travel turns spent in the entire game.
 C = Inter-level travel turns spent in this place as a percentage of turns spent in this place.
 D = Turns resting spent in this place as a percentage of non-inter-level travel turns spent in this place.
 E = Turns spent auto-exploring this place as a percentage of non-inter-level travel turns spent in this place.
 F = Non-inter-level travel turns spent in this place divided by the number of levels of this place that you've seen.
                   A       B       C       D       E      F
               +-------+-------+-------+-------+-------+----------------------
         Total | 100.0 | 100.0 |   0.4 |   3.7 |   8.8 | 388.6
       Dungeon | 100.0 | 100.0 |   0.4 |   3.7 |   8.8 | 388.6
               +-------+-------+-------+-------+-------+----------------------


   Skills:
 - Level 3.0 Fighting
 + Level 10.8 Polearms
 - Level 1.5 Armour
 - Level 0.7 Dodging


You had 8 spell levels left.
You didn't know any spells.

Dungeon Overview and Level Annotations

Branches:
Dungeon (7/15)
 Temple: D:4-7

Altars:
Gozag
Nemelex Xobeh
Qazlal
Xom

Shops:
D:4 (   D:5 :

Annotations:
D:4 exclusion: 4 doors, Natasha
D:7 smajdalf's ghost, experienced DgEE


Innate Abilities, Weirdness & Mutations

You do not eat or drink.
Your flesh is vulnerable to fire.
Your flesh is cold resistant.
You are immune to negative energy.
Your system is resistant to poisons.
You are immune to unholy pain and torment.
You can survive without breathing.


Message History

The giant gecko moves out of view.
Attack whom?
Press: ? - help, Dir - move target cursor, f - giant gecko
Aim: a giant gecko (clinging)
You reach to attack!
You hit the giant gecko but do no damage.
The giant gecko appears confused.
You hit the giant gecko.
The giant gecko is moving more slowly.
The giant gecko is heavily wounded.
You hit the giant gecko but do no damage.
There is a sudden explosion of sparks!
You kill the giant gecko!
No target in view!
No target in view!
Read which item? (? for menu, Esc to quit)
Identify which item? (\ to view known items) (? for menu, Esc to quit)
As you read the scroll of identify, it crumbles to dust.
i - 2 scrolls of fog You start resting.
HP restored.
You climb downwards.
Level annotation: smajdalf's ghost, experienced DgEE
There is a stone staircase leading up here.
Found a stone staircase leading down.
Something hits you but does no damage.
Deactivating autopickup; reactivate with Ctrl-A.
Found a glowing diamond ring.
A scorpion comes into view.
Something hits you but does no damage. Something hits you. x2
Something hits you. Something hits you. Something hits you!
You closely miss something. Something hits you but does no damage.
You hit something but do no damage. Something hits you but does no damage.
Something hits you! Something hits you! Something hits you. Something hits you.
Something hits you. x2
Something hits you!
You die...

#### #.#.#.# .
#.#.#.# ..
#.#...# ..
#.#.#.# #.
#.#.#.# #.
#.#.#.# #.
#.#<#.#######
#.##.#@.........
##...............
#...#.#.#..#####
#...#.#....#
#...#.######
#...#.# ......#..
.......=.>.
....#......


There were no monsters in sight!

Table legend:
 A = Kills in this place as a percentage of kills in entire the game.
 B = Kills by you in this place as a percentage of kills by you in the entire game.
 C = Kills by friends in this place as a percentage of kills by friends in the entire game.
 D = Other kills in this place as a percentage of other kills in the entire game.
 E = Experience gained in this place as a percentage of experience gained in the entire game.
 F = Experience gained in this place divided by the number of levels of this place that you have seen.
                   A       B       C       D       E      F
               +-------+-------+-------+-------+-------+----------------------
         Total | 100.0 | 100.0 | 100.0 | 100.0 | 100.0 | 515.0
       Dungeon | 100.0 | 100.0 | 100.0 | 100.0 | 100.0 | 515.0
               +-------+-------+-------+-------+-------+----------------------

Vanquished Creatures
  The ghost of smajdalf the Geomancer, an experienced DgEE (D:5)
  A human (D:6)
  A water moccasin (D:6)
  A sky beast (D:6)
  An ice beast (D:5)
  2 phantoms (D:5)
  A porcupine (D:5)
  A centaur (D:7)
  2 ogres (D:5)
  A big kobold (D:5)
  Blork the orc (D:4)
  A giant frog zombie (D:5)
  A centaur zombie (D:6)
  3 crimson imps
  A gnoll shaman (D:6)
  2 hounds
  A centaur skeleton (D:4)
  4 orc priests
  An iguana (D:5)
  7 orc wizards
  6 worker ants
  Jessica (D:2)
  2 hound skeletons
  14 gnolls
  A river rat (D:1)
  A giant mite (D:4)
  10 adders
  A worm (D:2)
  An adder skeleton (D:4)
  8 giant geckos
  An ooze (D:2)
  13 orcs
  An orc (shapeshifter) (D:3)
  A bat skeleton (D:5)
  15 goblins
  7 hobgoblins
  30 jackals
  3 quokkas
  A ball python (D:3)
  14 bats
  6 giant cockroaches
  6 giant newts
  A jackal skeleton (D:5)
  16 kobolds
  16 rats
210 creatures vanquished.

Vanquished Creatures (collateral kills)
  An orc priest (D:4)
  An orc wizard (D:4)
  A gnoll (D:4)
  A giant eyeball (shapeshifter) (D:4)
  An ooze (D:4)
  2 orcs (D:4)
  A bat (D:4)
  5 jackals (D:4)
  A rat (D:4)
14 creatures vanquished.

Vanquished Creatures (others)
  A hound (D:4)
  A worker ant (D:7)
  A shadow imp (D:6)
  An orc zombie (D:4)
  A bat zombie (D:6)
  A hobgoblin (D:7)
  2 kobolds
  A giant newt (D:5)
  A goblin (D:5)
10 creatures vanquished.

Grand Total: 234 creatures vanquished

Action                   |  1- 3 |  4- 6 |  7- 9 || total
-------------------------+-------+-------+-------++-------
Melee: Spear             |   144 |   307 |   606 ||  1057
 Fire: Hunting sling     |       |     4 |     1 ||     5
Evoke: Wand              |       |       |     7 ||     7
  Use: Scroll            |     2 |     4 |     4 ||    10
 Stab: Sleeping          |     2 |       |       ||     2
       Confused          |     1 |       |     1 ||     2
       Paralysed         |     1 |     3 |    30 ||    34
       Petrifying        |     1 |       |       ||     1
       Invisible         |       |       |     3 ||     3
       Petrified         |       |       |     1 ||     1

Vault maps used:
D:1:      onia_arrival_larder
D:2:      uniq_jessica
D:3:      grunt_temple_overflow_opulence, first_bread
D:4:      lemuel_castle_with_subvaults, overflow_temple_1_default, serial_shops,
          kennysheep_mini_moat, uniq_blork_the_orc, uniq_menkaure, uniq_natasha
D:5:      lemuel_ice_spiral_2, serial_shops, nicolae_shop_window_shopping
D:7:      xom_confusion_cloud, vehumet_altar_wand_db,
          minmay_temple_entry_overgrown
